Unix NetHack Version 3.7.0-58 Work-in-progress - last build May 9 2022 01:57:28 (68cf6e19034123fb635188453c0de67a0aba65fd,branch:master). Game began 2022-05-13 10:21:46, ended 2022-05-15 08:50:18. elenmirie, neutral female gnomish Healer ------ -------------------- |.../-** |...............|..| ---.--.-- ----.................--- |.......| --............(....)....-*. ---....----- --..|......)....%......--- ----..|..-- --..--------------------- --.....---..-- |..).%....-- -------- ----%.----- ---------........ |.).--.| |................ --..--..| -----------............ --..--.-----........|............. |([--........-----................. |.G@e..------- |--[...%...%..<... |...M...| |..[.............. --------- ----.......------ |.......| ---- --- Elenmirie the Dresser St:17 Dx:15 Co:16 In:9 Wi:17 Ch:16 Neutral Dlvl:11 $:38 HP:0(65) Pw:82(88) AC:-5 Xp:10/5782 T:12592 Burdened Latest messages: The ettin mummy hits! The ettin mummy just misses! The ettin mummy hits! The ettin mummy hits! The ettin mummy hits! The ettin mummy hits! The ettin mummy hits! The ettin mummy misses! The ettin mummy hits! The ettin mummy hits! The ettin mummy misses! The ettin mummy hits! The ettin mummy misses! The ettin mummy misses! The ettin mummy hits! The ettin mummy misses! The ettin mummy hits! The ettin mummy hits! The ettin mummy hits! The ettin mummy hits! The ettin mummy hits! The ettin mummy hits! You return to gnomish form! Your movements are slowed slightly because of your load. The ettin mummy misses! The ettin mummy hits! The ettin mummy hits! The ettin mummy hits! The ettin mummy hits! The ettin mummy hits! The ettin mummy hits! The ettin mummy hits! The ettin mummy hits! The ettin mummy hits! The ettin mummy hits! The ettin mummy hits! The ettin mummy hits! The ettin mummy hits! The ettin mummy misses! The ettin mummy hits! The ettin mummy hits! The ettin mummy hits! The ettin mummy hits! The ettin mummy hits! You die... Do you want your possessions identified? [ynq] (y) y Do you want to see your attributes? [ynq] (y) y Do you want an account of creatures vanquished? [ynaq] (y) y Do you want to see your conduct and achievements? [ynq] (y) y Do you want to see the dungeon overview? [ynq] (y) y Major events: Turn 1: elenmirie the neutral female gnomish Healer entered the dungeon 1060: entered the Gnomish Mines 1193: reached Mine Town 2012: averted death (killed by a bolt of fire) 2835: attained the rank of Empiric (level 3) 4916: attained the rank of Embalmer (level 6) 7080: entered Sokoban 7431: completed sokoban 1 8054: completed sokoban 2 8666: completed sokoban 3 9677: completed sokoban 4 10099: acquired the Sokoban bag of holding 12290: attained the rank of Dresser (level 10) 12592: killed by an ettin mummy, while frozen by a floating eye's gaze Inventory: Coins $ - 38 gold pieces Weapons D - a blessed +3 dagger (weapon in hand) Q - 3 uncursed +0 daggers (at the ready) d - 2 uncursed +0 elven daggers Armor x - an uncursed greased +0 elven leather helm (being worn) b - an uncursed +1 pair of leather gloves (being worn) Y - an uncursed +0 pair of high boots (being worn) c - an uncursed +0 dwarvish cloak (being worn) F - an uncursed +0 leather armor (being worn) Comestibles L - an uncursed lizard corpse Rings K - an uncursed ring of cold resistance (on right hand) s - a cursed ring of conflict G - an uncursed ring of invisibility H - an uncursed ring of polymorph control (on left hand) O - an uncursed ring of slow digestion Wands Z - an uncursed wand of cancellation (0:8) a - an uncursed wand of cancellation (0:2) T - an uncursed wand of lightning (0:6) i - an uncursed wand of magic missile (0:0) f - an uncursed wand of sleep (0:7) l - an uncursed wand of striking (0:5) W - an uncursed wand of teleportation (0:3) Tools w - an uncursed bag of holding containing 48 items g - an empty cursed sack r - an uncursed horn of plenty (0:10) n - an uncursed bugle o - an uncursed can of grease (0:17) U - a cursed magic lamp p - an uncursed magic whistle e - an uncursed skeleton key P - an uncursed stethoscope u - an uncursed +0 unicorn horn Gems/Stones J - an uncursed touchstone Contents of the bag of holding: 6747 gold pieces an uncursed +0 pair of elven boots an uncursed +0 elven cloak 2 uncursed beneficial tonics an uncursed apple 2 uncursed apples an uncursed carrot an uncursed carrot 20 uncursed food rations an uncursed fortune cookie an uncursed sprig of wolfsbane an uncursed tripe ration an uncursed scroll of amnesia 2 blessed scrolls of blank paper an uncursed scroll of destroy armor 2 uncursed scrolls of earth 2 uncursed scrolls of enchant weapon a cursed scroll of enchant weapon an uncursed scroll of identify an uncursed scroll of scare monster an uncursed scroll of stinking cloud 3 uncursed scrolls of teleportation 2 cursed scrolls of teleportation an uncursed spellbook of remove curse an uncursed potion of blindness a blessed potion of confusion an uncursed potion of extra healing a cursed potion of fruit juice an uncursed potion of full healing a blessed potion of healing an uncursed potion of levitation an uncursed potion of monster detection an uncursed potion of object detection an uncursed potion of see invisible an uncursed potion of sleeping a cursed potion of sleeping an uncursed potion of speed an uncursed potion of water an uncursed wand of enlightenment (0:13) an uncursed wand of enlightenment (0:9) an uncursed wand of opening (0:4) an uncursed wand of sleep (0:7) an uncursed wand of sleep (0:6) an uncursed wand of speed monster (0:3) an uncursed wand of speed monster (0:3) an uncursed wand of striking (0:3) an uncursed wand of striking (0:0) an uncursed wand of teleportation (0:3) Elenmirie the Healer's attributes: Background: You were a Dresser, a level 10 female gnomish Healer. You were neutral, on a mission for Hermes who was opposed by Athena (lawful) and Poseidon (chaotic). You were in the Gnomish Mines, on level 11. You entered the dungeon 12592 turns ago. There was a full moon in effect when your adventure ended. You had 5782 experience points, 4218 more were needed to attain level 11. Basics: You had 0 out of 65 hit points. You had 82 out of 88 energy points (spell power). Your armor class was -5. Your wallet contained 38 zorkmids. Autopickup was on for '$' plus thrown. Final Characteristics: Your strength was 17 (limit:18/50). Your dexterity was 15 (limit:18). Your constitution was 16 (limit:18). Your intelligence was 9 (limit:19). Your wisdom was 17 (limit:18). Your charisma was 16 (limit:18). Final Status: You were not hungry. You were burdened; movement was slightly slowed. You were wielding a dagger. You were skilled in dagger. Final Attributes: You were piously aligned. You were cold resistant. Your items were protected from cold. You were sleep resistant. You were poison resistant. You were telepathic. You had infravision. You had a moderate defense bonus (+8). You were warded. You had polymorph control. You were fast. You were lucky. You are dead (2nd time!). Miscellaneous: You never encountered a bones level. Total elapsed playing time was 3 hours, 49 minutes and 28 seconds. Vanquished creatures: a mind flayer 2 giant mimics a long worm a water elemental a giant mummy a black naga a warg 5 small mimics a troll a tengu 2 ochre jellies 3 leocrottas a mountain centaur an elf mummy a carnivorous ape 4 Grey-elves 2 watchmen an amorous demon a chameleon a crocodile a giant beetle 2 quivering blobs 2 cockatrices 4 wolves 3 winter wolf cubs a panther 5 leprechauns an orc-captain a giant spider 2 scorpions 2 forest centaurs an orc mummy 3 owlbears 4 Green-elves 3 lizards a dingo a dog 2 jaguars a black unicorn a dust vortex a raven a plains centaur 3 gnome mummies a snake 3 apes 2 human zombies 2 Woodland-elves 8 soldier ants a fire ant a bugbear an imp a water nymph a mountain nymph a Mordor orc 5 Uruk-hai an orc shaman 2 rock piercers 3 rock moles 2 ponies 2 yellow lights 4 shriekers a violet fungus a gnome leader 2 kobold mummies 2 gray oozes 3 ghouls 3 straw golems 2 paper golems 9 giant ants a little dog 7 floating eyes 6 dwarves 2 homunculi 2 kobold shamans a hill orc a rothe a centipede 2 giant bats 2 monkeys 2 orc zombies a dwarf zombie 7 iguanas 6 killer bees 2 acid blobs 3 coyotes 2 gas spores 7 hobbits 20 manes a large kobold 2 hobgoblins 4 giant rats 10 cave spiders 4 brown molds 5 yellow molds a green mold 3 red molds 4 gnomes 7 geckos 12 jackals 2 foxes 5 kobolds 7 goblins 4 sewer rats 10 grid bugs a bat 11 lichens 2 kobold zombies 12 newts 324 creatures vanquished. No species were genocided or became extinct. Voluntary challenges: You were illiterate. You never engraved Elbereth. You never genocided any monsters. You never polymorphed an object. You used no wishes. You did not violate any of the special Sokoban rules. Achievements: You entered a shop. You entered the Gnomish Mines. You entered Minetown. You entered a temple. You attained the rank of Empiric. You attained the rank of Embalmer. You entered Sokoban. You completed Sokoban. You attained the rank of Dresser. The Dungeons of Doom: levels 1 to 8 Level 1: A fountain. Level 2: A general store, some fountains. Stairs down to The Gnomish Mines. Level 3: A fountain. Level 4: A fountain. Level 5: A sink. Level 6: "lep hall" A fountain, a sink. Level 7: Many fountains. Oracle of Delphi. Level 8: A scroll shop, a fountain. Stairs up to Sokoban, level 7. The Gnomish Mines: levels 3 to 11 Level 3: Level 4: Level 5: Many shops, a temple, many fountains. Level 6: Level 7: Level 8: Level 9: Level 10: Level 11: <- You were here. Final resting place for you, killed by an ettin mummy, while frozen by a floating eye's gaze. Sokoban: levels 7 up to 4 Level 4: Solved. Level 5: Solved. Level 6: Solved. Level 7: Solved. Game over: ---------- / \ / REST \ / IN \ / PEACE \ / \ | elenmirie | | 6785 Au | | killed by an | | ettin mummy | | | | | | 2022 | *| * * * | * _________)/\\_//(\/(/\)/\//\/|_)_______ Goodbye elenmirie the Healer... You died in The Gnomish Mines on dungeon level 11 with 28102 points, and 6785 pieces of gold, after 12592 moves. You were level 10 with a maximum of 65 hit points when you died.